 Dungeon Crawl Stone Soup version 0.30.1-4-g462c640d31 (webtiles) character file.

Game seed: 17704746728202716966

254 Almogavar the Charlatan (level 6, 0/50 HPs)
             Began as a Gnoll Wanderer on Sept 9, 2023.
             Slain by a gnoll bouda
             ... wielding a +0 whip
              (9 damage)
             ... on level 4 of the Dungeon.
             The game lasted 00:10:41 (3787 turns).

Almogavar the Charlatan (Gnoll Wanderer)            Turns: 3787, Time: 00:10:41

Health: 0/50       AC:  4    Str: 14    XL:     6   Next: 15%
Magic:  8/8        EV: 12    Int:  7    God:
Gold:   174        SH:  0    Dex: 15    Spells: 8/8 levels left

rFire   . . .        a - +2 mace
rCold   . . .        (no shield)
rNeg    . . .        e - +0 leather armour
rPois   .            (no helmet)
rElec   .            p - +0 cloak
rCorr   .            (no gloves)
SInv    .            (no boots)
Will    .....        u - amulet of magic regeneration
Stlth   ++           (no ring)
HPRegen 0.28/turn    (no ring)
MPRegen 0.51/turn

%: no passive effects
@: weakened
A: fangs 1, strong nose, distributed training
a: no special abilities


You were on level 4 of the Dungeon.
You visited 1 branch of the dungeon, and saw 4 of its levels.

You collected 174 gold pieces.

Inventory:

Hand Weapons
 a - a +2 mace (weapon)
 h - a +1 dagger of holy wrath
 i - a +0 sling
 o - a +2 quarterstaff of chaos
Missiles
 s - a curare-tipped dart
 v - 2 poisoned darts (quivered)
Armour
 e - a +0 leather armour (worn)
 p - a +0 cloak (worn)
Magical Staves
 w - a staff of cold
Jewellery
 u - an amulet of magic regeneration (around neck)
 x - a +4 ring of slaying
Wands
 c - a wand of polymorph (6)
Scrolls
 b - a scroll of poison {unknown}
 g - a scroll of blinking
 k - a scroll of enchant weapon
 n - a scroll of butterflies {unknown}
 q - a scroll of teleportation {unknown}
 r - 2 scrolls of fog {unknown}
Potions
 d - 2 potions of mutation
 f - 3 potions of curing
 j - a potion of berserk rage
 l - a potion of invisibility {unknown}
 m - 2 potions of might {unknown}
 t - a potion of heal wounds {unknown}


   Skills:
 + Level 4.9 Fighting
 + Level 1.9 Short Blades
 + Level 1.9 Long Blades
 + Level 1.9 Axes
 + Level 6.8 Maces & Flails
 + Level 1.9 Polearms
 + Level 3.2 Staves
 + Level 1.9 Ranged Weapons
 + Level 1.9 Throwing
 + Level 1.9 Armour
 + Level 3.2 Dodging
 + Level 1.9 Stealth
 + Level 1.9 Shields
 + Level 1.9 Unarmed Combat
 + Level 1.9 Spellcasting
 + Level 1.5 Conjurations
 + Level 1.5 Hexes
 + Level 1.5 Summonings
 + Level 1.5 Necromancy
 + Level 1.5 Translocations
 + Level 1.5 Transmutations
 + Level 1.5 Fire Magic
 + Level 1.5 Ice Magic
 + Level 1.5 Air Magic
 + Level 1.5 Earth Magic
 + Level 1.5 Poison Magic
 + Level 2.1 Invocations
 + Level 6.8 Evocations


You had 8 spell levels left.
You didn't know any spells.
Your spell library contained the following spells:

 Spells                   Type           Power      Damage    Failure   Level
 Apportation              Tloc           4%         N/A       26%         1
 Freeze                   Ice            8%         1d3       26%         1
 Necrotise                Necr           8%         1d4       26%         1
 Summon Small Mammal      Summ           8%         N/A       26%         1
 Frozen Ramparts          Ice            4%         1d1       61%         3
 Hailstorm                Conj/Ice       2%         3d3       61%         3
 Ozocubu's Armour         Ice            2%         N/A       61%         3
 Metabolic Englaciation   Hex/Ice        1%         N/A       100%        5
 Simulacrum               Ice/Necr       1%         N/A       100%        6
 Ozocubu's Refrigeration  Ice            1%         4d7       100%        7


Dungeon Overview and Level Annotations

Branches:
Dungeon (4/15)
 Temple: D:4-7

Altars:
Nemelex Xobeh

Shops:
D:2 (


Innate Abilities, Weirdness & Mutations

You have very sharp teeth.
Your uncanny sense of smell can sniff out nearby items.
Your experience applies equally to all skills.


Message History

The gnoll bouda gazes fiercely through you!
You feel your attacks grow feeble. The gnoll bouda closely misses you.
You hit the gnoll bouda.
The gnoll bouda is heavily wounded.
The gnoll bouda hits you with a +0 whip!
You closely miss the gnoll bouda.
You bite the gnoll bouda, but do no damage.
The gnoll bouda is heavily wounded.
The gnoll bouda gazes fiercely through you!
You feel as though you will be weak longer.
The gnoll bouda closely misses you.
You hit the gnoll bouda but do no damage.
The gnoll bouda is heavily wounded.
The gnoll bouda hits you but does no damage.
You barely miss the gnoll bouda.
The gnoll bouda is heavily wounded.
The gnoll bouda gazes fiercely through you!
You feel as though you will be weak longer.
The gnoll bouda hits you with a +0 whip!
The gnoll bouda hits you with a +0 whip.
You closely miss the gnoll bouda.
You bite the gnoll bouda, but do no damage.
The gnoll bouda is heavily wounded.
The gnoll bouda hits you with a +0 whip!
You closely miss the gnoll bouda.
The gnoll bouda is heavily wounded.
The gnoll bouda misses you.
You barely miss the gnoll bouda.
The gnoll bouda is heavily wounded.
The gnoll bouda hits you with a +0 whip!
* * * LOW HITPOINT WARNING * * *
You hit the gnoll bouda.
The gnoll bouda is heavily wounded.
The gnoll bouda hits you with a +0 whip.
* * * LOW HITPOINT WARNING * * *
You hit the gnoll bouda.
The gnoll bouda is almost dead.
The gnoll bouda hits you with a +0 whip!
You die...

#....####.....#.#.....##
.......................
..............##......
#.................#
#........####...#.#
######..####### #...#.#
#........# #...#.#
#.####''#### #####.#
#.$.g@.!.# #.#
#..[.....# #.#
#(..###..# #.# #..# ∆
..# #.. ∆ ..# #.. .# #.
.#


You could see a gnoll bouda.

Vanquished Creatures
  A kobold brigand (D:3)
  Crazy Yiuf (D:2)
  Jessica (D:2)
  An iguana (D:4)
  2 adders
  A worm (D:2)
  2 dart slugs
  5 orcs (D:3)
  3 bats
  2 endoplasms
  5 giant cockroaches
  11 goblins
  9 hobgoblins
  5 quokkas
  6 ball pythons
  5 frilled lizards
  8 kobolds
  6 rats
74 creatures vanquished.

Notes
Turn   | Place    | Note
-------+----------+-------------------------------------------
     0 | D:1      | Almogavar the Gnoll Wanderer began the quest for the Orb.
     0 | D:1      | Almogavar set off with the following items: a +2 mace, a +0
                  | quarterstaff, a wand of polymorph (7), a potion of
                  | mutation, a +0 leather armour.
     0 | D:1      | Reached XP level 1. HP: 20/20 MP: 1/1
   124 | D:1      | Reached XP level 2. HP: 23/26 MP: 2/2
   415 | D:1      | Reached XP level 3. HP: 30/31 MP: 3/3
   567 | D:1      | Found a faded altar of an unknown god.
   676 | D:1      | Reached skill level 1 in Invocations
  1146 | D:2      | Noticed Jessica
  1173 | D:2      | Killed Jessica
  1174 | D:2      | Reached skill level 1 in Short Blades
  1174 | D:2      | Reached skill level 1 in Long Blades
  1174 | D:2      | Reached skill level 1 in Axes
  1174 | D:2      | Reached skill level 1 in Polearms
  1174 | D:2      | Reached skill level 1 in Ranged Weapons
  1174 | D:2      | Reached skill level 1 in Throwing
  1174 | D:2      | Reached skill level 1 in Armour
  1174 | D:2      | Reached skill level 1 in Stealth
  1174 | D:2      | Reached skill level 1 in Shields
  1174 | D:2      | Reached skill level 1 in Unarmed Combat
  1174 | D:2      | Reached skill level 1 in Spellcasting
  1174 | D:2      | Reached XP level 4. HP: 26/38 MP: 5/5
  1339 | D:2      | Reached skill level 1 in Conjurations
  1339 | D:2      | Reached skill level 1 in Hexes
  1339 | D:2      | Reached skill level 1 in Summonings
  1339 | D:2      | Reached skill level 1 in Necromancy
  1339 | D:2      | Reached skill level 1 in Translocations
  1339 | D:2      | Reached skill level 1 in Transmutations
  1339 | D:2      | Reached skill level 1 in Fire Magic
  1339 | D:2      | Reached skill level 1 in Ice Magic
  1339 | D:2      | Reached skill level 1 in Air Magic
  1339 | D:2      | Reached skill level 1 in Earth Magic
  1339 | D:2      | Reached skill level 1 in Poison Magic
  1816 | D:2      | Found Xiypex's Weapon Emporium.
  1994 | D:2      | Found a runed translucent door.
  1995 | D:2      | Noticed Crazy Yiuf
  2310 | D:2      | Killed Crazy Yiuf
  2311 | D:2      | Reached XP level 5. HP: 15/43 MP: 1/7
  3078 | D:3      | Noticed a kobold brigand
  3093 | D:3      | Killed a kobold brigand
  3304 | D:3      | Reached XP level 6. HP: 45/50 MP: 8/8
  3673 | D:4      | Found a sparkling altar of Nemelex Xobeh.
  3787 | D:4      | Slain by a gnoll bouda

Illustrated notes

Levels and vault maps discovered:
D:1:      saegor_arrival_simple_e, layout_basic,
          shapermc_ecumenical_altar_totnotflames, lemuel_flame_loot_1
D:2:      layout_basic, serial_shops, shop, uniq_jessica,
          uniq_crazy_yiuf_cottage
D:3:      layout_loops_ring, kennysheep_generic_room_8
D:4:      layout_basic, nemelex_xobeh_ov_fountains_minmay, slow_altar_2,
          tso_metal_star, lemuel_temple_firewalk_b, biasface_ghost_orc_armoury,
          kennysheep_generic_room_7

Skill      XL: |  1  2  3  4  5 |
---------------+----------------+-----
Invocations    | 1 2 |  2.1
Short Blades   | 1 |  1.9
Long Blades    | 1 |  1.9
Axes           | 1 |  1.9
Polearms       | 1 |  1.9
Ranged Weapons | 1 |  1.9
Throwing       | 1 |  1.9
Armour         | 1 |  1.9
Stealth        | 1 |  1.9
Shields        | 1 |  1.9
Unarmed Combat | 1 |  1.9
Spellcasting   | 1 |  1.9
Conjurations   | 1 |  1.5
Hexes          | 1 |  1.5
Summonings     | 1 |  1.5
Necromancy     | 1 |  1.5
Translocations | 1 |  1.5
Transmutations | 1 |  1.5
Fire Magic     | 1 |  1.5
Ice Magic      | 1 |  1.5
Air Magic      | 1 |  1.5
Earth Magic    | 1 |  1.5
Poison Magic   | 1 |  1.5
Staves         | 3 |  3.2
Dodging        | 3 |  3.2
Fighting       | |  4.9
Maces & Flails | |  6.8
Evocations     | |  6.8

Action                     |  1- 3 |  4- 6 || total
---------------------------+-------+-------++-------
  Melee: Mace              |    78 |   131 ||   209
         Bite              |     5 |    15 ||    20
         Punch             |       |     1 ||     1
   Fire: Sling             |       |    23 ||    23
  Throw: Dart              |       |     3 ||     3
  Evoke: Wand              |       |     1 ||     1
    Use: Scroll            |     2 |     2 ||     4
         Potion            |       |     1 ||     1
   Stab: Sleeping          |       |     3 ||     3
 Armour: Leather armour    |    15 |    27 ||    42
  Dodge: Dodged            |    34 |    64 ||    98
